 Dungeon Crawl Stone Soup version 0.14-a0-932-g154aeca (webtiles) character file.

376 Malachi the Fey Naga (level 6, -4/54 HPs)
             Began as a Naga Death Knight on Nov 18, 2013.
             Was a Believer of Yredelemnul.
             Killed from afar by Dowan (8 damage)
             ... with a wand of flame
             ... on Level 4 of the Dungeon.
             The game lasted 00:06:32 (4369 turns).

Malachi the Fey Naga (Naga Death Knight)            Turns: 4369, Time: 00:06:33

HP  -4/54        AC  9     Str 18      XL: 6   Next:  0%
MP  11/11        EV  2     Int 11      God: Yredelemnul [**....]
Gold 152         SH 15     Dex 10      Spells:  0 memorised,  5 levels left

Res.Fire  : . . .   See Invis. : +   j - +2,+1 whip (drain)
Res.Cold  : . . .   Warding    : .   n - +1 chain mail
Life Prot.: . . .   Conserve   : .   r - +0 shield
Res.Poison: +       Res.Corr.  : .   (no helmet)
Res.Elec. : .       Clarity    : .   z - +0 cloak
Sust.Abil.: . .     Spirit.Shd : .   (no gloves)
Res.Mut.  : .       Stasis     : .   (no barding)
Res.Rott. : .       Flight     : .   (no amulet)
Saprovore : . . .                    (no ring)
                                     (no ring)

@: very slow, somewhat resistant to hostile enchantments, extremely unstealthy
A: spit poison, see invisible, deformed body, poison resistance, slowness 2, AC
+2
a: Spit Poison, Animate Remains, Recall Undead Slaves, Injury Mirror, Renounce
Religion


You were on level 4 of the Dungeon.
You worshipped Yredelemnul.
Yredelemnul was pleased with you.
You were very hungry.

You visited 1 branch of the dungeon, and saw 4 of its levels.

You collected 152 gold pieces.

Inventory:

Hand weapons
 a - a +1,+1 hand axe
 j - a +2,+1 whip of draining (weapon)
Armour
 n - a +1 chain mail (worn)
 r - a +0 shield (worn)
 z - a +0 cloak (worn)
Magical devices
 v - a wand of digging (17)
Comestibles
 b - a lemon
 c - a bread ration
 p - an apricot
 C - a sausage
Scrolls
 d - 4 scrolls of remove curse {unknown}
 e - a scroll of enchant weapon II {unknown}
 f - 4 scrolls of teleportation {unknown}
 h - a scroll of amnesia {unknown}
 i - 2 scrolls of identify {unknown}
 l - 3 scrolls of curse jewellery {unknown}
 t - a scroll of magic mapping {unknown}
 u - a scroll of fear {unknown}
 x - a scroll of noise {unknown}
 y - a scroll of fog {unknown}
 B - a scroll of random uselessness {unknown}
 E - a scroll of enchant weapon I {unknown}
Jewellery
 s - an uncursed ring of protection from cold {unknown}
Potions
 g - a potion of magic {unknown}
 k - a potion of beneficial mutation {unknown}
 m - 5 potions of curing {unknown}
 o - a potion of mutation {unknown}
 q - a potion of restore abilities {unknown}
 w - a potion of poison {unknown}
 A - a potion of slowing {unknown}
 D - a potion of degeneration {unknown}


   Skills:
 + Level 2.2 Fighting
 + Level 2.3 Axes
 + Level 1.3 Maces & Flails
 + Level 2.5 Armour
 + Level 1.8 Dodging
 - Level 0.4 Stealth
 + Level 1.2 Shields
 + Level 4.3 Invocations


You had 5 spell levels left.
You didn't know any spells.

Dungeon Overview and Level Annotations

Branches:
Dungeon (4/16)
 Temple: D:4-7

Altars:
Makhleb
Sif Muna
Trog

Annotations:
D:3 Somebody's ghost, average DENe
D:4 Dowan


Innate Abilities, Weirdness & Mutations

You cannot wear boots.
You can spit poison.
Your serpentine skin is tough (AC +2).
You have supernaturally acute eyesight.
Armour fits poorly on your strangely shaped body.
Your system is resistant to poisons.
You cover ground very slowly.


Message History

* * * LOW HITPOINT WARNING * * *
You hit Duvessa but do no damage. You drain Duvessa!
You kill Duvessa!
Yredelemnul accepts your kill.
Dowan screams, "No!
No!"
Dowan seems to find hidden reserves of power!
You have reached level 6!
Your experience leads to an increase in your attributes!
Increase (S)trength, (I)ntelligence, or (D)exterity?
You feel stronger.
Your skin feels tougher.
Dowan zaps a wand.
The puff of flame hits you!
One of your 2 scrolls labeled PANINO NISEIRCH catches fire!
* * * LOW HITPOINT WARNING * * *
Dowan zaps a wand.
You block the puff of flame.
You swap places.
Dowan zaps a wand.
The puff of flame hits your adder zombie.
Your adder zombie is destroyed!
Dowan zaps a wand.
The puff of flame hits you!
You die...
Your body rises from the dead as a mindless zombie.

##############
#..?e?).@zz..#
#.##########.######.#
########........#
#..(.zzz....#####
#.#########.# #.# .#
#z# # #.# #.#


You could see Dowan, a friendly adder zombie and a friendly jackal zombie.

Vanquished Creatures
  Duvessa (D:4)
  A giant mite (D:4)
  6 adders
  An adder skeleton (D:4)
  4 giant geckos
  4 giant cockroaches
  7 goblins
  16 hobgoblins
  10 kobolds
  2 quokkas
  6 bats
  3 giant newts
  8 jackals
  8 rats
77 creatures vanquished.

Vanquished Creatures (collateral kills)
  A phantom (D:4)
  A hound skeleton (D:4)
  A giant gecko (D:1)
  A goblin (D:2)
  A jackal (D:3)
  3 kobolds
  2 bats
  A giant newt (D:2)
  A hobgoblin (D:4)
12 creatures vanquished.

Vanquished Creatures (others)
  2 adder zombies
  A bat zombie (D:3)
  2 goblin zombies (D:1)
  2 hobgoblin zombies
  2 kobold zombies (D:1)
  A quokka zombie (D:3)
  A rat zombie (D:1)
11 creatures vanquished.

Grand Total: 100 creatures vanquished

Notes
Turn   | Place    | Note
--------------------------------------------------------------
     0 | D:1      | Malachi, the Naga Death Knight, began the quest for the Orb.
     0 | D:1      | Reached XP level 1. HP: 19/19 MP: 2/2
   466 | D:1      | Reached XP level 2. HP: 15/26 MP: 4/4
   868 | D:1      | Reached skill level 1 in Armour
  1606 | D:1      | Reached XP level 3. HP: 29/32 MP: 5/5
  2140 | D:2      | Acquired Yredelemnul's second power
  2140 | D:2      | Reached skill level 1 in Dodging
  2324 | D:2      | Reached skill level 4 in Invocations
  2324 | D:2      | Reached XP level 4. HP: 40/40 MP: 3/7
  2905 | D:3      | Noticed Somebody's ghost (average DENe)
  3553 | D:3      | Found a burning altar of Makhleb.
  3553 | D:3      | Found a bloodstained altar of Trog.
  3554 | D:3      | Found a deep blue altar of Sif Muna.
  3660 | D:4      | Reached XP level 5. HP: 8/46 MP: 9/9
  4047 | D:4      | Noticed a phantom
  4074 | D:4      | Killed a phantom
  4074 | D:4      | Reached skill level 1 in Maces & Flails
  4074 | D:4      | Reached skill level 1 in Shields
  4349 | D:4      | Noticed Duvessa
  4350 | D:4      | Noticed Dowan
  4368 | D:4      | Killed Duvessa
  4368 | D:4      | Reached XP level 6. HP: 10/54 MP: 11/11
  4369 | D:4      | Killed from afar by Dowan

Action                   |  1- 3 |  4- 6 || total
-------------------------+-------+-------++-------
Melee: Hand axe          |    55 |       ||    55
       Whip              |    43 |   172 ||   215
Invok: Animate Remains   |    17 |    11 ||    28
       Recall Undead Sla |       |     2 ||     2
 Abil: Spit Poison       |     1 |     2 ||     3
Evoke: Wand              |       |     1 ||     1
